 Dungeon Crawl Stone Soup version 0.28.0-53-g5a82cb258f (webtiles) character file.

Game seed: 2642224224839772597

1143 mortz the Slasher (level 8, -8/78 HPs)
             Began as a Troll Fighter on June 12, 2022.
             Was an Initiate of Makhleb.
             Killed from afar by Dowan (21 damage)
             ... with a stone arrow
             ... on level 5 of the Dungeon.
             The game lasted 00:21:39 (4138 turns).

mortz the Slasher (Troll Fighter)                   Turns: 4138, Time: 00:21:40

Health: -8/78      AC:  4    Str: 27    XL:     8   Next: 15%
Magic:  7/7        EV:  9    Int:  4    God:    Makhleb [......]
Gold:   178        SH:  7    Dex:  9    Spells: 7/7 levels left

rFire   . . .      SeeInvis .   A - +4 dagger {short}
rCold   . . .      Faith    .   c - +0 kite shield
rNeg    + . .      Spirit   .   b - +0 robe
rPois   .          Reflect  .   (helmet restricted)
rElec   .          Harm     .   (no cloak)
rCorr   .          Rampage  .   (gloves unavailable)
Will    .....                   (boots unavailable)
Stlth   +.........              (no amulet)
HPRegen 1.03/turn               p - ring of positive energy
MPRegen 0.10/turn               (no ring)

@: no status effects
A: large, unfitting armour, claws 3, regeneration 1, shaggy fur 1, tough skin 1
a: Renounce Religion


You were on level 5 of the Dungeon.
You worshipped Makhleb.
Makhleb was noncommittal.
You visited 2 branches of the dungeon, and saw 6 of its levels.

You collected 206 gold pieces.
You spent 28 gold pieces at shops.


Innate Abilities, Weirdness & Mutations

You are too large for most types of armour.
You have claws for hands.
Your natural rate of healing is unusually fast.
You are covered in fur. (AC +1)
You have tough skin. (AC +1)


   Skills:
 + Level 3.9 Fighting
 + Level 2.5(3.8) Short Blades
 + Level 4.4(4.8) Long Blades
 + Level 2.8 Throwing
 + Level 4.0 Dodging
 + Level 0.8 Stealth
 + Level 3.6 Shields


You had 7 spell levels left.
You didn't know any spells.
Your spell library contained the following spells:

 Spells                   Type           Power      Damage    Failure   Level
 Magic Dart               Conj           0%         1d3       80%         1
 Sting                    Tmut/Pois      0%         1d3       80%         1
 Call Imp                 Summ           0%         N/A       90%         2
 Ensorcelled Hibernation  Hex/Ice        0%         N/A       90%         2
 Passwall                 Tmut/Erth      0%         N/A       90%         2
 Poisonous Vapours        Pois/Air       0%         N/A       90%         2
 Mephitic Cloud           Conj/Pois/Air  0%         N/A       99%         3
 Swiftness                Air            0%         N/A       99%         3
 Olgreb's Toxic Radiance  Pois           0%         N/A       100%        4

Inventory:

Hand Weapons
 a - a +0 long sword {long}
 e - a +0 hunting sling of freezing {sling}
   (You found it on level 1 of the Dungeon)
 z - a +0 halberd of protection {polearm}
   (You took it off a gnoll on level 4 of the Dungeon)
 A - a +4 dagger (weapon) {short}
   (You took it off a goblin on level 4 of the Dungeon)
 B - a +0 war axe {axe}
   (You found it on level 4 of the Dungeon)
Missiles
 q - 6 boomerangs {throwing}
 u - 4 curare-tipped darts {=fthrowing}
 w - 3 throwing nets {=f!fthrowing}
 x - a poisoned dart (quivered) {throwing}
Armour
 b - a +0 robe (worn)
 c - a +0 kite shield (worn)
Magical Staves
 j - a staff of poison {!astaff}
   (You found it on level 1 of the Dungeon)
Jewellery
 p - a ring of positive energy (left claw)
   (You found it on level 2 of the Dungeon)
Scrolls
 f - 2 scrolls of noise {unknown}
 g - a scroll of enchant weapon {unknown}
 l - a scroll of vulnerability {unknown}
 m - 2 scrolls of fog {unknown}
 o - 4 scrolls of identify {@r1}
 r - a scroll of immolation {unknown}
 t - a scroll of torment {unknown}
 y - a scroll of teleportation {unknown}
 C - a scroll of summoning {unknown}
Potions
 d - 2 potions of might
 h - a potion of haste {unknown}
 i - 4 potions of mutation {!q}
 k - 2 potions of berserk rage {!q}
 n - 2 potions of lignification {!q}
 s - 4 potions of curing {@q1}
 v - a potion of attraction {unknown}

Dungeon Overview and Level Annotations

Branches:
Dungeon (5/15)             Temple (1/1) D:4

Altars:
Cheibriados
Dithmenos
Elyvilon
Fedhas
Hepliaklqana
Kikubaaqudgha
Makhleb
Nemelex Xobeh
Okawaru
Qazlal
Ru
Sif Muna
Uskayaw
Vehumet
Wu Jian
Xom
Yredelemnul
Zin
The Shining One

Shops:
D:1 ?

Annotations:
D:5 Dowan

. # ####### . #.....#
# #.....# #.....#####
#.#.......#
#.#######.##
#.@e..)(...#
#.#######..## ###
##...## #..)e.#
############'########
.ยง.....e.e......)....
.#.#.#.#.#.#.#.#.#.#
#h......#.......#....
#####################


You could see Dowan (fast).


Message History

๐Ÿ˜ฎ HP[-3]
You take 3 damage, and now have 47/78 hp.
You hit Duvessa. Duvessa hits you with a +0 rapier!
* * * LOW HITPOINT WARNING * * *
๐Ÿ˜จ HP[-8]
You take 8 damage, and now have 39/78 hp.
You hit Duvessa.
Duvessa completely misses you. ๐Ÿ˜ฎ HP[+1]
You closely miss Duvessa. Duvessa hits you with a +0 rapier.
* * * LOW HITPOINT WARNING * * *
๐Ÿ˜จ HP[-4]
You take 4 damage, and now have 36/78 hp.
You hit Duvessa but do no damage. Duvessa hits you with a +0 rapier!
* * * LOW HITPOINT WARNING * * *
๐Ÿ˜จ HP[-11]
You take 11 damage, and now have 25/78 hp.
You hit Duvessa.
You kill Duvessa!
Makhleb accepts your kill.
Dowan screams, "No!
Oh no!"
Dowan seems to find hidden reserves of power!
You block the hound's attack.
Your Dodging skill increases to level 4! ๐Ÿ˜จ HP[+1] Dowan mumbles some strange words.
Dowan blinks! ๐Ÿ˜จ HP[+1] ๐Ÿ˜จ HP[+1] Dowan mumbles some strange words.
Dowan blinks!
You block the hound's attack. ๐Ÿ˜จ HP[+1]
You hit the hound.
The hound barely misses you. ๐Ÿ˜จ HP[+1]
You hit the hound.
Dowan says, "Magic will overcome all!"
The hound bites you.
* * * LOW HITPOINT WARNING * * *
The hound bites you.
* * * LOW HITPOINT WARNING * * *
๐Ÿ˜จ HP[-4]
You take 4 damage, and now have 26/78 hp.
You hit the hound.
You block the hound's attack. ๐Ÿ˜จ HP[+1]
You hit the hound.
You kill the hound!
Makhleb accepts your kill. ๐Ÿ˜จ HP[+1]
You barely miss Dowan. Dowan hits you with a +0 dagger.
* * * LOW HITPOINT WARNING * * *
Dowan hits you with a +0 dagger.
* * * LOW HITPOINT WARNING * * *
๐Ÿ˜จ HP[-4]
You take 4 damage, and now have 24/78 hp.
You barely miss Dowan. You block Dowan's attack. ๐Ÿ˜จ HP[+1]
You hit Dowan.
Dowan shakes with grief.
You block Dowan's attack. Dowan hits you with a +0 dagger.
* * * LOW HITPOINT WARNING * * *
๐Ÿ˜จ HP[-2]
You take 2 damage, and now have 23/78 hp.
You hit Dowan but do no damage. Dowan hits you with a +0 dagger.
* * * LOW HITPOINT WARNING * * *
๐Ÿ˜จ HP[-1]
You take 1 damage, and now have 22/78 hp.
You closely miss Dowan. Dowan hits you with a +0 dagger.
* * * LOW HITPOINT WARNING * * *
๐Ÿ˜จ HP[-2]
You take 2 damage, and now have 20/78 hp.
You barely miss Dowan. Dowan hits you with a +0 dagger.
* * * LOW HITPOINT WARNING * * *
Dowan hits you with a +0 dagger.
* * * LOW HITPOINT WARNING * * *
๐Ÿ˜ฑ HP[-5]
You take 5 damage, and now have 15/78 hp.
You hit Dowan. Dowan hits you with a +0 dagger.
* * * LOW HITPOINT WARNING * * *
๐Ÿ˜ฑ HP[-3]
You take 3 damage, and now have 12/78 hp.
You hit Dowan but do no damage.
Dowan says, "Magic will overcome all!"
Dowan hits you with a +0 dagger.
* * * LOW HITPOINT WARNING * * *
๐Ÿ˜ฑ HP[-4]
You take 4 damage, and now have 8/78 hp.
You hit Dowan. Dowan hits you with a +0 dagger.
* * * LOW HITPOINT WARNING * * *
Dowan hits you with a +0 dagger.
* * * LOW HITPOINT WARNING * * *
๐Ÿ˜ฑ HP[-3]
You take 3 damage, and now have 5/78 hp.
You feel better. Dowan closely misses you. ๐Ÿ˜ฑ HP[+6]
You regained 6 hp, and now have 11/78 hp.
You hit Dowan but do no damage. You block Dowan's attack. ๐Ÿ˜ฑ HP[+1]
You hit Dowan but do no damage. Dowan gestures at you while chanting.
The stone arrow hits you!!
You die...

Skill      XL: |  1  2  3  4  5  6  7  8 |
---------------+-------------------------+-----
Long Blades    | 2 3 4 |  4.4
Fighting       | 3 |  3.9
Throwing       | 1 2 |  2.8
Dodging        | 3 4 |  4.0
Shields        | 3 |  3.6
Short Blades   | 2 |  2.5
Stealth        | |  0.8

Action                   |  1- 3 |  4- 6 |  7- 9 || total
-------------------------+-------+-------+-------++-------
Melee: Long sword        |    79 |   106 |    22 ||   207
       Dagger            |       |       |   145 ||   145
Throw: Dart              |     9 |    14 |    12 ||    35
       Boomerang         |       |    27 |     3 ||    30
  Use: Scroll            |     1 |     3 |       ||     4
       Potion            |       |       |     1 ||     1
 Stab: Sleeping          |     1 |     1 |       ||     2
Armor: Robe              |    33 |    22 |    23 ||    78
Dodge: Dodged            |    22 |    42 |    47 ||   111
Block: Kite shield       |    24 |    37 |    44 ||   105

Levels and vault maps discovered:
D:1:      scummos_arrival_simple_crosswalls, layout_loops_ring, serial_shops,
          nicolae_shop_trees, hellmonk_ecumenical_altar_pennies_from_heaven,
          minmay_tetromino_o2
D:2:      layout_rooms, minivault_25
D:3:      layout_loops_corners, minmay_pentangle, uniq_natasha, uniq_jessica,
          uniq_grinder
D:4:      kennysheep_big_flooded_room, layout_basic, fedhas_altar_1,
          minmay_temple_entry_tees
D:5:      layout_basic, mainiacjoe_overflow_swirl, grunt_ministairs_9,
          hangedman_minor_gate_pass, uniq_edmund, uniq_duvessa
Temple:   eino_narrow_crystal_temple

Notes
Turn   | Place    | Note
-------+----------+-------------------------------------------
     0 | D:1      | mortz the Troll Fighter began the quest for the Orb.
     0 | D:1      | Reached XP level 1. HP: 22/22 MP: 0/0
     0 | D:1      | magus.rc [v1.9.6]
    59 | D:1      | You pick up a book of Minor Magic and begin reading...
    59 | D:1      | You add the spells Magic Dart, Call Imp and Mephitic Cloud
                  | to your library.
   373 | D:1      | Reached XP level 2. HP: 24/29 MP: 1/1
   447 | D:1      | Found Toschess's Magic Scroll Emporium.
   483 | D:1      | Bought a scroll of identify for 28 gold pieces
   532 | D:1      | Found a faded altar of an unknown god.
   896 | D:2      | magus.rc [v1.9.6]
   977 | D:2      | Reached skill level 2 in Long Blades
   977 | D:2      | Reached XP level 3. HP: 36/36 MP: 2/2
  1061 | D:3      | Noticed Natasha
  1066 | D:3      | Killed Natasha
  1227 | D:3      | You add the spells Sting, Poisonous Vapours and Olgreb's
                  | Toxic Radiance to your library.
  1238 | D:3      | magus.rc [v1.9.6]
  1248 | D:3      | Reached XP level 4. HP: 44/44 MP: 3/3
  1650 | D:3      | Noticed Natasha
  1662 | D:3      | Killed Natasha
  1794 | D:3      | Noticed Grinder
  1804 | D:3      | Paralysed by Grinder for 5 turns
  1821 | D:3      | Killed Grinder
  1822 | D:3      | Reached skill level 3 in Fighting
  1822 | D:3      | Reached skill level 3 in Long Blades
  1822 | D:3      | Reached skill level 1 in Throwing
  1822 | D:3      | Reached skill level 3 in Dodging
  1822 | D:3      | Reached skill level 3 in Shields
  1822 | D:3      | Reached XP level 5. HP: 36/53 MP: 4/4
  1822 | D:3      | Reached XP level 6. HP: 42/61 MP: 5/5
  1874 | D:3      | Noticed Jessica
  1879 | D:3      | Killed Jessica
  2154 | D:3      | Noticed Natasha
  2163 | D:3      | Killed Natasha
  2164 | D:3      | Reached skill level 2 in Throwing
  2536 | D:4      | Found a blossoming altar of Fedhas.
  2601 | D:4      | Reached skill level 4 in Long Blades
  2601 | D:4      | Reached XP level 7. HP: 60/67 MP: 6/6
  2654 | D:4      | HP: 12/67 [gnoll/+0 halberd (10)]
  3140 | D:4      | Found a staircase to the Ecumenical Temple.
  3147 | Temple   | Entered the Ecumenical Temple
  3153 | Temple   | Became a worshipper of Makhleb the Destroyer
  3533 | D:5      | Entered Level 5 of the Dungeon
  3629 | D:5      | You pick up a book of Burglary and begin reading...
  3629 | D:5      | You add the spells Passwall, Ensorcelled Hibernation and
                  | Swiftness to your library.
  3717 | D:5      | HP: 15/67 [scorpion (7)]
  3720 | D:5      | HP: 6/67 [poisoned by a scorpion]
  3723 | D:5      | Reached skill level 1 in Short Blades
  3725 | D:5      | HP: 3/67 [poisoned by a scorpion]
  4018 | D:5      | Reached skill level 2 in Short Blades
  4018 | D:5      | Reached XP level 8. HP: 72/78 MP: 7/7
  4077 | D:5      | Noticed Duvessa
  4077 | D:5      | Identified a +2 robe of the Archmagi
  4077 | D:5      | Noticed Dowan
  4119 | D:5      | Killed Duvessa
  4120 | D:5      | Reached skill level 4 in Dodging
  4132 | D:5      | HP: 18/78 [Dowan/+0 dagger (3)]
  4134 | D:5      | HP: 8/78 [Dowan/+0 dagger (4)]
  4138 | D:5      | Killed from afar by Dowan

Vanquished Creatures
  Grinder (D:3)
  Duvessa (D:5)
  2 ogres
  A phantom (D:5)
  2 scorpions
  A water moccasin zombie (D:5)
  A hound (D:5)
  A bullfrog skeleton (D:4)
  A gnoll shaman (D:4)
  Jessica (D:3)
  An iguana (D:4)
  Natasha (thrice) (D:3)
  2 hound skeletons
  8 gnolls
  5 adders
  A white imp (D:3)
  4 orcs (D:3)
  4 ball pythons
  9 bats
  8 endoplasms
  5 giant cockroaches
  4 goblins
  8 hobgoblins
  A jackal (D:3)
  5 frilled lizards
  4 kobolds
  3 rats
87 creatures vanquished.

Table legend:
 A = Non-vault XP
 B = Vault XP
 C = Vault XP percentage of total XP
 D = Non-vault monster count
 E = Vault monster count
 F = Vault count percentage of total count
                 A         B        C        D         E       F
            +---------+---------+-------+---------+---------+-------
      Total |     715 |     918 |  56.2 |      64 |      23 |  26.4
            +---------+---------+-------+---------+---------+-------
        D:1 |      18 |       2 |  10.0 |      10 |       1 |   9.1
        D:2 |      22 |       0 |   0.0 |      14 |       0 |   0.0
        D:3 |     144 |     356 |  71.2 |      17 |      13 |  43.3
        D:4 |     391 |      38 |   8.9 |      18 |       2 |  10.0
        D:5 |     140 |     522 |  78.9 |       5 |       7 |  58.3
            +---------+---------+-------+---------+---------+-------

Illustrated notes

Table legend:
 A = Kills in this place as a percentage of kills in entire the game.
 B = Kills by you in this place as a percentage of kills by you in the entire game.
 C = Kills by friends in this place as a percentage of kills by friends in the entire game.
 D = Other kills in this place as a percentage of other kills in the entire game.
 E = Experience gained in this place as a percentage of experience gained in the entire game.
 F = Experience gained in this place divided by the number of levels of this place that you have seen.
                   A       B       C       D       E      F
               +-------+-------+-------+-------+-------+----------------------
         Total | 100.0 | 100.0 |   N/A |   N/A | 100.0 | 272.2
       Dungeon | 100.0 | 100.0 |   N/A |   N/A | 100.0 | 326.6
               +-------+-------+-------+-------+-------+----------------------

Table legend: (Time is in decaauts)
 A = Elapsed time spent in this place.
 B = Non-inter-level travel time spent in this place.
 C = Inter-level travel time spent in this place.
 D = Time resting spent in this place.
 E = Time spent auto-exploring this place.
 F = Levels seen in this place.
 G = Mean time per level.
                   A        B        C        D        E       F      G
               +--------+--------+--------+--------+--------+-----+--------+
         Total |   4259 |   4115 |    144 |     75 |   3075 |   6 |  709.8 |
       Dungeon |   4037 |   3905 |    132 |     75 |   2882 |   5 |  807.4 |
        Temple |    222 |    210 |     12 |      0 |    193 |   1 |  222.0 |
               +--------+--------+--------+--------+--------+-----+--------+

Top non-repeatable levels by time:
     D:3: 1288 daAuts
     D:4: 1122 daAuts
     D:1: 706 daAuts
     D:5: 537 daAuts
     D:2: 382 daAuts
  Temple: 222 daAuts
